 Dungeon Crawl Stone Soup version 0.23.2 (webtiles) character file.

Game seed: 10522873759604461156

136 myga the Chopper (level 5, -6/36 HPs)
             Began as a Halfling Abyssal Knight on Apr 3, 2019.
             Was a Believer of Lugonu.
             Killed by divine providence
             ... invoked by an orc priest
              (9 damage)
             ... on level 3 of the Dungeon.
             The game lasted 00:14:12 (3068 turns).

myga the Chopper (Halfling Abyssal Knight)          Turns: 3068, Time: 00:14:13

Health: -6/36      AC:  7    Str: 14    XL:     5   Next: 43%
Magic:  4/6        EV: 14    Int: 10    God:    Lugonu [**....]
Gold:   60         SH:  0    Dex: 16    Spells: 4/4 levels left

rFire    . . .     SeeInvis .   a - +1 hand axe
rCold    . . .     Gourm    .   (shield restricted)
rNeg     . . .     Faith    .   b - +0 leather armour
rPois    +         Spirit   .   p - +2 helmet
rElec    .         Reflect  .   (no cloak)
rCorr    .         Harm     .   (no gloves)
MR       .....                  m - +0 pair of boots
Stlth    +.........             (no amulet)
HPRegen  0.12/turn              s - +2 ring of dexterity
MPRegen  0.10/turn              j - ring of poison resistance

@: starving
A: small, mutation resistance 1
a: Depart the Abyss, Bend Space, Renounce Religion


You were on level 3 of the Dungeon.
You worshipped Lugonu.
Lugonu was pleased with you.
You were starving.

You visited 1 branch of the dungeon, and saw 3 of its levels.
You visited the Abyss 1 time.

You collected 60 gold pieces.

Inventory:

Hand Weapons
 a - a +1 hand axe (weapon)
 w - a +0 hunting sling
Missiles
 d - 69 stones (quivered)
 f - 23 arrows
 i - 4 tomahawks
 t - 16 bolts
Armour
 b - a +0 leather armour (worn)
 m - a +0 pair of boots (worn)
 p - a +2 helmet (worn)
Jewellery
 j - a ring of poison resistance (right hand)
 q - an uncursed ring of protection from cold
 s - a +2 ring of dexterity (left hand)
Scrolls
 h - a scroll of magic mapping {unknown}
 n - a scroll of blinking {unknown}
 o - 2 scrolls of teleportation
 u - a scroll of remove curse
Potions
 k - a potion of agility
 l - a potion of curing
Comestibles
 c - 3 rations


   Skills:
 + Level 3.3 Fighting
 + Level 3.7 Axes
 + Level 0.8 Throwing
 + Level 2.7 Armour
 + Level 2.0 Dodging
 + Level 0.3 Stealth
 + Level 2.3 Invocations


You had 4 spell levels left.
You didn't know any spells.
Your spell library was empty.

Dungeon Overview and Level Annotations

Branches:
Dungeon (3/15)

Altars:
Ashenzari

Annotations:
D:3 Grinder


Innate Abilities, Weirdness & Mutations

You are small and have problems with some larger weapons.
You are somewhat resistant to further mutation.


Message History

The gnoll hits you but does no damage.
A gnoll comes into view. It is wielding a +0 spear.
You barely miss the orc priest.
The orc priest hits you but does no damage.
The gnoll closely misses you. The gnoll hits you but does no damage.
The orc priest mumbles some strange prayers to Beogh against you.
Beogh smites you!
* * * LOW HITPOINT WARNING * * *
The gnoll hits you but does no damage.
Items here: ))) ††††
Okay, then.
Okay, then.
The gnoll hits you from afar with a +0 antimagic spear.
* * * LOW HITPOINT WARNING * * *
A hobgoblin comes into view.
The hobgoblin shouts!
The orc priest mumbles some strange prayers to Beogh against you.
Beogh smites you!
You die...

.....## ..#....
>..........g....
.......#........
.......#......#
..#...#...#......#
..#..%...........#
.................#.
#.#.......@........ #
#.#...#...#........
#.#.#...#.###........
#.#.#...#.###og.###..
#.......))o.og.......
###)##'##(###...###..
#.#.....#....##
#.#...###....#
......# #....#


You could see an orc priest, 2 gnolls and a hobgoblin.

Vanquished Creatures
  Robin (D:3)
  4 adders
  An ooze (D:2)
  A worm (D:2)
  A dart slug (D:2)
  A leopard gecko (D:2)
  2 orcs (D:3)
  2 ball pythons
  2 giant cockroaches
  15 goblins
  11 hobgoblins
  3 jackals (D:2)
  5 bats
  2 frilled lizards (D:2)
  8 kobolds
  19 rats
78 creatures vanquished.

Notes
Turn   | Place    | Note
-------+----------+-------------------------------------------
     0 | Abyss:1  | myga the Halfling Abyssal Knight began the quest for the
                  | Orb.
     0 | Abyss:1  | Reached XP level 1. HP: 15/15 MP: 2/2
   180 | Abyss:1  | Noticed a raiju
   184 | D:1      | Escaped the Abyss
   539 | D:1      | Reached XP level 2. HP: 21/21 MP: 3/3
   562 | D:1      | Reached * piety under Lugonu
   750 | D:1      | Found a shattered altar of Ashenzari.
   924 | D:1      | Reached XP level 3. HP: 26/26 MP: 4/4
  1510 | D:2      | Reached XP level 4. HP: 19/31 MP: 5/5
  1930 | D:2      | Reached ** piety under Lugonu
  2303 | D:3      | Noticed Grinder
  2318 | D:3      | Paralysed by Grinder for 4 turns
  2932 | D:3      | Noticed Robin
  2960 | D:3      | Reached XP level 5. HP: 36/36 MP: 6/6
  3021 | D:3      | Killed Robin
  3068 | D:3      | Killed from afar by an orc priest

Skill      XL: |  1  2  3  4 |
---------------+-------------+-----
Fighting       | 3 |  3.3
Dodging        | 2 |  2.0
Axes           | 3 |  3.7
Throwing       | |  0.8
Armour         | |  2.7
Stealth        | |  0.3
Invocations    | |  2.3

Action                   |  1- 3 |  4- 6 || total
-------------------------+-------+-------++-------
Melee: Hand axe          |   101 |   154 ||   255
Throw: Stone             |    53 |    39 ||    92
       Tomahawk          |       |     1 ||     1
Invok: Depart the Abyss  |     1 |       ||     1
       Bend Space        |       |     2 ||     2
  Use: Scroll            |     4 |     1 ||     5
       Potion            |     1 |     1 ||     2
 Stab: Sleeping          |     1 |       ||     1
  Eat: Chunk             |     2 |     3 ||     5
Armor: Leather armour    |    24 |    52 ||    76
Dodge: Dodged            |    82 |   123 ||   205
